 Dungeon Crawl Stone Soup version 0.25.0-1-g7eea58d2a3 (webtiles) character file.

Game seed: 15057649529334347070

200 dorian the Firebug (level 5, -2/38 HPs)
             Began as a Draconian Fire Elementalist on June 14, 2020.
             Slain by an orc warrior
             ... wielding a +0 hand axe
              (14 damage)
             ... on level 4 of the Dungeon.
             The game lasted 00:06:25 (3824 turns).

dorian the Firebug (Draconian Fire Elementalist)    Turns: 3824, Time: 00:06:26

Health: -2/38      AC:  8    Str: 10    XL:     5   Next: 49%
Magic:  4/10       EV: 12    Int: 17    God:
Gold:   136        SH:  0    Dex: 11    Spells: 9/10 levels left

rFire    . . .     SeeInvis .   (no weapon)
rCold    . . .     Gourm    .   (no shield)
rNeg     . . .     Faith    .   (armour unavailable)
rPois    .         Spirit   .   (helmet restricted)
rElec    .         Reflect  .   c - +2 cloak
rCorr    .         Harm     .   (no gloves)
MR       .....                  (no boots)
Stlth    ++........             (no amulet)
HPRegen  0.12/turn              (no ring)
MPRegen  0.12/turn              (no ring)

@: no status effects
A: unfitting armour, cold-blooded, AC +5
a: no special abilities


You were on level 4 of the Dungeon.
You were not hungry.

You visited 1 branch of the dungeon, and saw 4 of its levels.

You collected 136 gold pieces.

Inventory:

Missiles
 j - 10 javelins (quivered)
Armour
 a - a +0 cloak
 c - a +2 cloak (worn)
Wands
 l - a wand of acid (7)
Scrolls
 e - 4 scrolls of teleportation
 f - 2 scrolls of remove curse
 g - a scroll of fear
 k - a scroll of identify
 o - a scroll of immolation
Potions
 d - 2 potions of brilliance {unknown}
 i - a potion of flight {unknown}
 n - 4 potions of curing
Comestibles
 b - 5 rations


   Skills:
 - Level 1.7 Dodging
 - Level 1.7 Stealth
 - Level 3.4 Spellcasting
 + Level 3.2 Conjurations
 + Level 4.3 Fire Magic


You had 9 spell levels left.
You knew the following spells:

 Your Spells              Type           Power        Failure   Level  Hunger
a - Foxfire               Conj/Fire      ###.         3%          1    None

Your spell library contained the following spells:

 Spells                   Type           Power        Failure   Level  Hunger
 Conjure Flame            Conj/Fire      ###.....     11%         3    ###....
 Inner Flame              Hex/Fire       ##......     21%         3    ###....
 Sticky Flame             Conj/Fire      ###.....     34%         4    ####...
 Fireball                 Conj/Fire      ###.......   69%         5    ######.


Dungeon Overview and Level Annotations

Branches:
Dungeon (4/15)
 Temple: D:4-7

Altars:
Makhleb


Innate Abilities, Weirdness & Mutations

Your plain brown scales are hard. (AC +5)
You cannot fit into any form of body armour.
You are cold-blooded and may be slowed by cold attacks.


Message History

The orc warrior hits your foxfire with a +0 hand axe.
Casting: Foxfire (safe; 3% risk of failure)
Confirm with . or Enter, or press ? or * to list all spells.
You conjure some foxfire!
The foxfire hits the orc warrior.
The orc warrior is moderately wounded.
The foxfire hits the orc warrior but does no damage.
The orc warrior is moderately wounded.
The foxfire hits the orc warrior but does no damage.
The orc warrior is moderately wounded.
The orc warrior closely misses you.
The orc warrior barely misses your foxfire.
The foxfire hits the orc warrior but does no damage.
The orc warrior is moderately wounded.
The foxfire hits the orc warrior.
The orc warrior is heavily wounded.
Casting: Foxfire (safe; 3% risk of failure)
Confirm with . or Enter, or press ? or * to list all spells.
You conjure some foxfire!
The orc warrior hits you with a +0 hand axe!
You die...

... ..? #.# ### ....
#.# ..# .....
#####.####.##.....
##.....##........##
##.................#
#................#.
#...v........$......
#....@o.............
#....§v.......?..#..
#...[............# .
#..........<.....#
##...............#
##.....##......##
####.####.##.## #.#
#.# .# #.# #.# .#


You could see an orc warrior.

Vanquished Creatures
  A scorpion (D:3)
  An orc priest (D:4)
  4 adders
  2 oozes
  5 worms
  2 dart slugs (D:2)
  A leopard gecko (D:3)
  An orc (D:3)
  12 bats
  3 goblins (D:1)
  5 hobgoblins
  6 jackals
  8 frilled lizards
  2 giant cockroaches (D:1)
  5 kobolds
  10 rats
68 creatures vanquished.

Vanquished Creatures (others)
  199 foxfires
199 creatures vanquished.

Grand Total: 267 creatures vanquished

Notes
Turn   | Place    | Note
-------+----------+-------------------------------------------
     0 | D:1      | dorian the Draconian Fire Elementalist began the quest for
                  | the Orb.
     0 | D:1      | Reached XP level 1. HP: 14/14 MP: 3/3
   276 | D:1      | Reached XP level 2. HP: 17/20 MP: 0/5
  1490 | D:1      | Reached XP level 3. HP: 26/26 MP: 3/6
  1770 | D:2      | Reached XP level 4. HP: 33/33 MP: 4/8
  2346 | D:3      | Found a faded altar of an unknown god.
  2599 | D:3      | Reached skill level 4 in Fire Magic
  2749 | D:3      | Found a burning altar of Makhleb.
  3010 | D:3      | Noticed a blizzard demon
  3013 | D:3      | Noticed an orange demon
  3013 | D:3      | Noticed an orange demon
  3270 | D:3      | Reached XP level 5. HP: 11/38 MP: 0/9
  3497 | D:4      | Noticed an ogre
  3583 | D:4      | Noticed an orc warrior
  3824 | D:4      | Slain by an orc warrior

Illustrated notes

Levels and vault maps discovered:
D:1:      dpeg_arrival_renting, layout_basic
D:2:      layout_rooms
D:3:      layout_basic, chequers_ecumenical_altar_simple,
          makhleb_altar_promises_db
D:4:      layout_rooms, lemuel_zombie_altar_kikubaaqudgha, first_ration

Skill      XL: |  1  2  3  4 |
---------------+-------------+-----
Conjurations   | 2 3 |  3.2
Spellcasting   | 3 |  3.4
Fire Magic     | 4 |  4.3
Dodging        | |  1.7
Stealth        | |  1.7

Action                   |  1- 3 |  4- 6 || total
-------------------------+-------+-------++-------
Melee: Unarmed           |    94 |    30 ||   124
       Tailslap          |     8 |     3 ||    11
 Cast: Foxfire           |    47 |    82 ||   129
  Use: Scroll            |       |     6 ||     6
  Eat: Chunk             |     3 |     5 ||     8
       Ration            |       |     1 ||     1
Armor: Skin              |    53 |    15 ||    68
Dodge: Dodged            |    88 |    29 ||   117
